 Dungeon Crawl Stone Soup version 0.19-a0-1899-g2d93087 (webtiles) character file.

53 Psiweapon the Insei (level 3, -4/23 HPs)
             Began as an Octopode Transmuter on Oct 20, 2016.
             Slain by Natasha (8 damage)
             ... on level 2 of the Dungeon.
             The game lasted 00:06:30 (2323 turns).

Psiweapon the Insei (Octopode Transmuter)           Turns: 2323, Time: 00:06:30

Health: -4/23      AC:  1    Str: 10    XL:     3   Next: 87%
Magic:  5/6        EV: 13    Int: 17    God:
Gold:   42         SH:  0    Dex: 12    Spells: 2 memorised, 2 levels left

rFire  . . .     SeeInvis .       - Unarmed
rCold  . . .     Gourm    .     (no shield)
rNeg   . . .     Faith    .     (helmet restricted)
rPois  .         Spirit   .     (no amulet)
rElec  .         Reflect  .     s - +2 ring of intelligence (curse)
rCorr  .         Harm     .     (no ring)
MR     .....                    (no ring)
Stlth  ++........               (no ring)
                                (no ring)
                                (no ring)
                                (no ring)
                                (no ring)

@: appendage
A: almost no armour, stealthy swim, amphibious, 8 rings, constrict 8, tentacle
spike 3, camouflage 1, gelatinous body 1
a: End Transformation


You were on level 2 of the Dungeon.
You were hungry.
One of your tentacles had a temporary spike.
You visited 1 branch of the dungeon, and saw 3 of its levels.

You collected 42 gold pieces.

Inventory:

Hand Weapons
 m - a +2 spear of piercing
 v - a cursed -3 hunting sling
 w - a +0 hunting sling
Missiles
 a - 39 arrows
 k - 33 bolts
 l - 53 stones (quivered)
Jewellery
 q - an uncursed ring of ice
 s - a cursed +2 ring of intelligence (left tentacle)
Scrolls
 e - a scroll of remove curse {unknown}
 f - 3 scrolls of identify {unknown}
 t - a scroll of teleportation {unknown}
Potions
 d - 5 potions of curing
 g - a potion of degeneration {unknown}
 h - a potion of agility {unknown}
 i - a potion of flight {unknown}
 n - a potion of experience {unknown}
 u - a potion of heal wounds {unknown}
Books
 b - a book of Changes

   Spells                             Type                      Level
   a - Beastly Appendage              Transmutation                1
   b - Sticks to Snakes               Transmutation                2
   c - Spider Form                    Transmutation/Poison         3
   d - Ice Form                       Ice/Transmutation            4
   e - Blade Hands                    Transmutation                5
Comestibles
 c - 2 bread rations
 o - a chunk of flesh
 p - a meat ration
 r - a beef jerky


   Skills:
 - Level 1.0 Fighting
 - Level 2.0 Dodging
 + Level 4.1 Unarmed Combat
 - Level 2.0 Spellcasting
 + Level 2.9 Transmutations


You had 2 spell levels left.
You knew the following spells:

 Your Spells              Type           Power        Failure   Level  Hunger
a - Beastly Appendage     Tmut           ##....       10%         1    #......
b - Spider Form           Tmut/Pois      #.........   38%         3    ###....


Dungeon Overview and Level Annotations

Branches:
Dungeon (3/15)

Altars:

Annotations:
D:2 exclusion: downstairs, Natasha


Innate Abilities, Weirdness & Mutations

You cannot wear most types of armour.
You are very stealthy in the water. (Stealth+)
You are amphibious.
You can wear up to eight rings at the same time.
You can use your tentacles to constrict eight enemies at once.
Your skin changes colour to match your surroundings (Stealth+).
Your rubbery body absorbs attacks. (AC +1, EV +1)
One of your tentacles bears a large vicious spike.


Message History

One of your tentacles grows a vicious spike.
You are feeling hungry.
Natasha hisses angrily.
Natasha casts a spell at you. You resist with significant effort.
Natasha casts a spell at you. The magic dart hits you!
You bludgeon Natasha! You grab Natasha.
You pierce Natasha, but do no damage.
Natasha is heavily wounded.
You constrict Natasha, but do no damage.
Natasha claws you!
You tentacle-slap Natasha but do no damage.
You pierce Natasha.
You squeeze Natasha, but do no damage.
Natasha is heavily wounded.
You constrict Natasha. Natasha claws you.
* * * LOW HITPOINT WARNING * * *
You tentacle-slap Natasha.
Natasha is severely wounded.
You constrict Natasha. Natasha claws you!
You die...

#.)..........รท.#
###
#.############.#
..# #.# #)# ..###
#.# ##########.#
....# #.#
#..........# ....#
#.# #.########.#
..[.# #.# #.# ###
#...# #.# #.#
#...########.# #@#
<.......).>#.#..h#
#....#####.#.#.###
#....# #.#.#.
#....#####.#.#
#............# ###
##########.### #..
........##.# #.#
#######.##.# #.#


You could see Natasha.

Vanquished Creatures
  A gnoll (D:1)
  An adder (D:3)
  2 dart slugs (D:1)
  2 giant cockroaches (D:1)
  3 goblins (D:2)
  6 hobgoblins
  4 kobolds
  A ball python (D:1)
  3 bats
  3 frilled lizards
  2 rats
28 creatures vanquished.

Notes
Turn   | Place    | Note
-------+----------+-------------------------------------------
     0 | D:1      | Psiweapon the Octopode Transmuter began the quest for the Orb.
     0 | D:1      | Reached XP level 1. HP: 13/13 MP: 3/3
   295 | D:1      | Reached XP level 2. HP: 14/18 MP: 3/5
   800 | D:3      | Reached XP level 3. HP: 11/23 MP: 6/6
  1367 | D:1      | Learned a level 3 spell: Spider Form
  1612 | D:1      | Reached skill level 4 in Unarmed Combat
  2312 | D:2      | Noticed Natasha
  2323 | D:2      | Slain by Natasha

Vault maps used:
D:1:      minmay_arrival_nine_rooms, minmay_misc_feat_chi
D:2:      uniq_natasha
D:3:      tgw_trog, gup_sewer_entry_spiral, makhleb_heckhound_becter

Skill      XL: |  1  2  3 |
---------------+----------+-----
Unarmed Combat | 4 |  4.1
Fighting       | |  1.0
Dodging        | |  2.0
Spellcasting   | |  2.0
Transmutations | |  2.9

Action                   || total
-------------------------++-------
Melee: Unarmed           ||    66
       Constrict         ||    19
       Kick              ||     7
       Tentacles         ||     8
       Punch             ||     2
Throw: Stone             ||     2
 Cast: Beastly Appendage ||    11
  Use: Potion            ||     1
 Stab: Sleeping          ||    10
  Eat: Chunk             ||     4
Armor: Skin              ||     4
Dodge: Dodged            ||    29
